 Dungeon Crawl Stone Soup version 0.27.1-34-g3ba077fa99 (webtiles) character file.

Game seed: 6165309658621370028

11653 iwittbrodt the Destroyer (level 11, -9/94 HPs)
             Began as a White Draconian Conjurer on Jan 19, 2022.
             Was a Believer of Dithmenos.
             Mangled by a boulder beetle (53 damage)
             ... on level 11 of the Dungeon.
             The game lasted 01:12:39 (16584 turns).

iwittbrodt the Destroyer (DrCj)                    Turns: 16584, Time: 01:12:40

Health: -9/94      AC: 10    Str:  9    XL:     11   Next: 52%
Magic:  15/22      EV: 12    Int: 23    God:    Dithmenos [**....]
Gold:   591        SH:  4    Dex:  9    Spells: 4/24 levels left

rFire    . . .     SeeInvis .   n - staff of conjuration
rCold    + . .     Faith    .   E - +0 buckler
rNeg     + . .     Spirit   .   (armour unavailable)
rPois    .         Reflect  .   (helmet restricted)
rElec    .         Harm     .   h - +0 cloak
rCorr    .         Rampage  .   G - +0 pair of gloves
Will     +....                  p - +0 pair of boots
Stlth    ++........             (no amulet)
HPRegen  0.25/turn              y - ring of willpower
MPRegen  0.18/turn              l - ring of positive energy

@: wreathed by umbra
A: breathe frost, AC +7, unfitting armour, cold resistance 1, cold-blooded
a: Breathe Frost, Renounce Religion, Shadow Step


You were on level 11 of the Dungeon.
You worshipped Dithmenos.
Dithmenos was pleased with you.
You visited 2 branches of the dungeon, and saw 12 of its levels.
You also visited: Sewer.

You collected 591 gold pieces.

Inventory:

Hand Weapons
 b - a +0 dagger
 r - a +0 trident of venom
Missiles
 f - 370 stones
 w - 6 curare-tipped darts
 F - a throwing net
Armour
 h - a +0 cloak (worn)
 p - a +0 pair of boots (worn)
 E - a +0 buckler (worn)
 G - a +0 pair of gloves (worn)
Magical Staves
 n - a staff of conjuration (weapon)
Jewellery
 a - an amulet of guardian spirit
 l - a ring of positive energy (right hand)
 y - a ring of willpower (left hand)
Wands
 m - a wand of mindburst (14)
 q - a wand of digging (4)
 s - a wand of polymorph (7)
 A - a wand of flame (16)
 D - a wand of iceblast (13)
 H - a wand of acid (4)
Scrolls
 d - 6 scrolls of amnesia
 j - 4 scrolls of magic mapping
 k - a scroll of immolation
 o - 2 scrolls of teleportation
 u - a scroll of vulnerability
 v - a scroll of silence
Potions
 c - 3 potions of lignification
 e - 2 potions of mutation {unknown}
 g - 3 potions of curing
 i - a potion of heal wounds {unknown}
 t - 3 potions of haste
 z - 2 potions of flight {unknown}
 C - 2 potions of degeneration {unknown}


   Skills:
 + Level 8.2 Fighting
 - Level 1.7 Dodging
 - Level 2.4 Stealth
 + Level 4.1 Shields
 + Level 7.4 Spellcasting
 + Level 11.2 Conjurations
 - Level 2.8 Hexes
 + Level 7.0 Ice Magic
 + Level 5.9 Air Magic
 - Level 2.0 Poison Magic
 * Level 1.0 Invocations


You had 4 spell levels left.
You knew the following spells:

 Your Spells              Type           Power      Damage    Failure   Level
a - Magic Dart            Conj           100%       1d8       1%          1
b - Searing Ray           Conj           100%       3d7       1%          2
c - Fulminant Prism       Conj/Hex       28%        3d14      4%          4
d - Mephitic Cloud        Conj/Pois/Air  54%        N/A       1%          3
e - Freezing Cloud        Conj/Ice/Air   31%        6-21      8%          5
f - Lightning Bolt        Conj/Air       32%        1d49      6%          5

Your spell library contained the following spells:

 Spells                   Type           Power      Damage    Failure   Level
 Foxfire                  Conj/Fire      100%       2x1d9     1%          1
 Freeze                   Ice            100%       1d11      1%          1
 Dazzling Flash           Conj/Hex       100%       N/A       1%          3
 Frozen Ramparts          Ice            82%        1d10      1%          3
 Hailstorm                Conj/Ice       66%        3d14      1%          4
 Poisonous Vapours        Pois/Air       52%        N/A       2%          2
 Conjure Flame            Conj/Fire      51%        6-21      2%          3
 Corpse Rot               Necr/Air       N/A        N/A       3%          2
 Apportation              Tloc           16%        N/A       8%          1
 Iskenderun's Mystic Bla  Conj/Tloc      51%        2d11      8%          4
 Passwall                 Tmut/Erth      6%         N/A       11%         2
 Inner Flame              Hex/Fire       15%        N/A       12%         3
 Gell's Gravitas          Tloc           4%         N/A       22%         3
 Teleport Other           Tloc           8%         N/A       22%         3
 Animate Dead             Necr           4%         N/A       58%         4
 Silence                  Hex/Air        14%        N/A       32%         5
 Alistair's Intoxication  Tmut/Pois      8%         N/A       80%         5
 Borgnjor's Vile Clutch   Necr/Erth      4%         N/A       90%         5
 Invisibility             Hex            10%        N/A       98%         6
 Death Channel            Necr           4%         N/A       100%        6
 Dispersal                Tloc           4%         N/A       100%        6


Dungeon Overview and Level Annotations

Branches:
Dungeon (11/15)            Temple (1/1) D:7            Lair (0/6) D:10
    Orc (0/2) D:9           Sewer (visited)

Altars:
Ashenzari
Cheibriados
Dithmenos
Elyvilon
Fedhas
Gozag
Hepliaklqana
Kikubaaqudgha
Makhleb
Nemelex Xobeh
Okawaru
Qazlal
Ru
Sif Muna
Trog
Uskayaw
Vehumet
Wu Jian
Xom
Yredelemnul
Zin
The Shining One
Beogh

Shops:
D:1 *   D:8 (

Annotations:
D:3 1 runed translucent door
D:5 1 runed translucent door, Crazy Yiuf
D:6 3 runed translucent doors, AverageBear's ghost, novice DDFi
D:8 3 runed translucent doors


Innate Abilities, Weirdness & Mutations

You can breathe waves of freezing cold which knock back foes.
Your icy white scales are hard. (AC +7)
You cannot fit into any form of body armour.
Your flesh is cold resistant. (rC+)
You are cold-blooded and may be slowed by cold attacks.


Message History

The centaur is engulfed in freezing vapours.
You kill the centaur!
Dithmenos accepts your kill.
Your fulminant prism explodes!
The blast of energy engulfs the boulder beetle!
The boulder beetle is moderately wounded.
You hear a bellow!
You hear two shouts!
You hear a horrible gurgling sound!
You hear a shout! x2; You hear a horrible gurgling sound!
You hear an angry buzzing noise.
The boulder beetle leaps!
Casting: Freezing Cloud (dangerous; 8% risk of failure)
Confirm with . or Enter, or press ? or * to list all spells.
You can't see any susceptible monsters within range! (Use Z to cast anyway.)
Casting: Freezing Cloud (dangerous; 8% risk of failure)
Confirm with . or Enter, or press ? or * to list all spells.
Aiming: Searing Ray (safe; 1% risk of failure)
Press: ? - help, Shift-Dir - straight line, f - boulder beetle
Aim: a boulder beetle (moderately wounded, umbra, 100% to hit)
You feel a surge of power!
The searing ray hits the boulder beetle but does no damage.
The boulder beetle is moderately wounded. (Press . to maintain the ray.)
The searing ray hits the boulder beetle but does no damage.
The boulder beetle is lightly wounded.
The searing ray hits the boulder beetle but does no damage.
The boulder beetle is lightly wounded.
You block the boulder beetle's attack.
A yak comes into view.
The boulder beetle bites you!!
The boulder beetle curls into a ball and begins rolling!
The boulder beetle hits you but does no damage.
The boulder beetle stops rolling and uncurls.
The boulder beetle curls into a ball and begins rolling!
The boulder beetle hits you!!!
The boulder beetle stops rolling and uncurls.
The boulder beetle leaps!
The boulder beetle curls into a ball and begins rolling!
The boulder beetle hits you!!!
Ouch! That really hurt!
You die...

#..# #.#.# #..# #.### #..#
#.##### #Y.#.#.....#
#..#.#####.# #..#.####..#
###############..#.#.(...#
.. ............B...#..#..#
.######.......°.@.##.##..#
...........#.........##?.#
.>#.####.#.#.###...#.##..#
#.#.####.#.#.##....# ##..#
#.#......#.#<##..### #..#
#.#.######.####..## #..#
..#.######........##.##..#
.##...................#..#
.################.#####..#


You could see a boulder beetle (rolling) and a yak.

Vanquished Creatures
  Harold (D:5)
  A hydra (D:8)
  A deep elf pyromancer (D:10)
  A cyclops (D:11)
  A manticore (D:10)
  The ghost of melkoren the Slasher, a novice DsGl (D:5)
  2 kobold demonologists (D:9)
  3 trolls
  The ghost of pkoi the Ruffian, an amateur DrMo (D:4)
  Grinder (D:3)
  A hornet (D:9)
  A meliai zombie (D:8)
  A wyvern (D:7)
  A wraith (D:11)
  3 yaks (D:10)
  A basilisk (D:10)
  2 steam dragons
  4 vampire mosquitoes (D:10)
  4 wargs (D:9)
  Menkaure (D:7)
  2 water moccasins
  2 orc warriors
  3 ice beasts
  A sky beast (D:3)
  2 black bears
  A hornet zombie (D:8)
  4 ogres
  A necrophage (D:6)
  2 centaurs
  Blork the orc (D:4)
  3 kobold brigands (D:9)
  3 bullfrogs
  A gnoll sergeant (D:6)
  3 scorpions
  9 killer bees
  A water moccasin skeleton (D:7)
  22 wights
  5 howler monkeys
  A centaur zombie (D:6)
  A bullfrog skeleton (D:6)
  5 orc priests
  2 centaur skeletons
  A jelly (D:5)
  4 iguanas
  2 orc wizards
  A scorpion zombie (D:5)
  A hound skeleton (D:5)
  A howler monkey zombie (D:9)
  Robin (D:3)
  8 adders
  5 gnolls (D:6)
  A howler monkey skeleton (D:7)
  A shadow imp (D:6)
  2 white imps
  4 worms
  3 dart slugs
  27 orcs
  6 ball pythons
  5 bats
  9 endoplasms
  7 giant cockroaches
  11 goblins
  4 hobgoblins
  2 jackals (Sewer)
  13 kobolds
  4 quokkas
  3 frilled lizards
  A kobold zombie (D:3)
  3 rats
237 creatures vanquished.

Vanquished Creatures (others)
  A centaur simulacrum (D:11)
  A killer bee (D:9)
  49 fulminant prisms
  9 plants (D:10)
60 creatures vanquished.

Grand Total: 297 creatures vanquished

Notes
Turn   | Place    | Note
-------+----------+-------------------------------------------
     0 | D:1      | iwittbrodt the Draconian Conjurer began the quest for the
                  | Orb.
     0 | D:1      | Reached XP level 1. HP: 14/14 MP: 3/3
   114 | D:1      | Found Molonyom's General Store.
   322 | D:1      | Reached XP level 2. HP: 22/22 MP: 0/5
   378 | D:1      | Learned a level 2 spell: Searing Ray
   723 | D:1      | Found a faded altar of an unknown god.
   763 | D:1      | Reached skill level 1 in Fighting
   984 | D:2      | Reached XP level 3. HP: 24/28 MP: 0/6
  1531 | D:2      | Found an ancient bone altar of Kikubaaqudgha.
  2181 | D:3      | Found a snail-covered altar of Cheibriados.
  2253 | D:3      | Reached XP level 4. HP: 31/36 MP: 1/8
  2317 | D:3      | Learned a level 4 spell: Fulminant Prism
  2336 | D:3      | Found a runed translucent door.
  2336 | D:3      | Noticed a human
  2337 | D:3      | Found a basalt altar of Yredelemnul.
  2428 | D:3      | Found a shimmering altar of Xom.
  2431 | D:3      | Noticed Robin
  2435 | D:3      | Killed Robin
  2732 | D:3      | Noticed a sky beast
  2786 | D:3      | Killed a sky beast
  2787 | D:3      | Reached skill level 5 in Conjurations
  2787 | D:3      | Reached skill level 1 in Hexes
  2787 | D:3      | Reached XP level 5. HP: 35/42 MP: 3/10
  2973 | D:4      | Identified a scroll of acquirement
  2973 | D:4      | Acquired the Tome of Earthen Lightness
  3011 | D:4      | Noticed Grinder
  3358 | D:3      | Killed Grinder
  3359 | D:3      | Reached XP level 6. HP: 42/51 MP: 1/11
  3544 | D:4      | Found a runed translucent gate.
  3717 | D:4      | Found a sacrificial altar of Ru.
  3718 | D:4      | Noticed Blork the orc
  3728 | D:4      | Killed Blork the orc
  3729 | D:4      | Reached skill level 6 in Conjurations
  3729 | D:4      | Your scales start taking on an icy white colour.
  3729 | D:4      | Reached XP level 7. HP: 57/57 MP: 1/13
  3729 | D:4      | Gained mutation: Your flesh is cold resistant. (rC+) [White
                  | Draconian growth]
  4181 | D:4      | Found a runed translucent gate.
  4181 | D:4      | Noticed pkoi's ghost (amateur DrMo)
  4182 | D:4      | Found a runed translucent gate.
  4316 | D:5      | Entered Level 5 of the Dungeon
  4324 | D:5      | Learned a level 3 spell: Mephitic Cloud
  4326 | D:5      | Noticed a +0 short sword
  4326 | D:5      | Noticed a +0 falchion
  4326 | D:5      | Noticed a +0 dagger
  4327 | D:5      | Noticed a +0 dagger
  4328 | D:5      | Noticed a +0 spear
  4328 | D:5      | Noticed a +0 spear
  4328 | D:5      | Noticed a +0 short sword
  4328 | D:5      | Noticed a +0 falchion
  4330 | D:5      | Found a hide-covered altar of Uskayaw.
  4457 | D:5      | Found a glowing drain.
  4516 | Sewer    | Entered a sewer
  4882 | D:5      | Found a shimmering blue altar of Sif Muna.
  4895 | D:5      | Found a broken altar of Ashenzari.
  5155 | D:5      | Found a runed translucent door.
  5156 | D:5      | Noticed Crazy Yiuf
  5259 | D:5      | Found a transporter.
  5260 | D:5      | Noticed melkoren's ghost (novice DsGl)
  5260 | D:5      | Identified the +10 great mace "Wenuxutt" {pain, +Rage rC+
                  | Str+6 Dex-5}
  5713 | D:6      | Reached XP level 8. HP: 66/66 MP: 9/14
  5787 | D:6      | Learned a level 5 spell: Freezing Cloud
  6171 | D:6      | Reached skill level 1 in Air Magic
  6171 | D:6      | Reached skill level 1 in Poison Magic
  6282 | D:6      | Reached skill level 7 in Conjurations
  6395 | D:6      | Found a shadowy altar of Dithmenos.
  6399 | D:6      | Found a hazy altar of Hepliaklqana.
  6409 | D:6      | Became a worshipper of Dithmenos the Shadowed
  6521 | D:6      | Found a bloodstained altar of Trog.
  6636 | D:6      | Reached skill level 5 in Fighting
  6636 | D:6      | Reached skill level 5 in Spellcasting
  6822 | D:6      | Reached skill level 1 in Ice Magic
  6937 | D:6      | Reached skill level 8 in Conjurations
  7198 | D:6      | Reached XP level 9. HP: 74/74 MP: 1/17
  7678 | D:6      | Found a runed translucent gate.
  7678 | D:6      | Found a runed translucent gate.
  7678 | D:6      | Found a runed translucent gate.
  7683 | D:6      | Noticed AverageBear's ghost (novice DDFi)
  7950 | D:4      | Reached * piety under Dithmenos
  7954 | D:4      | Killed pkoi's ghost
  8230 | D:5      | Found a transporter.
  8277 | D:5      | Killed melkoren's ghost
  8434 | D:7      | Noticed Harold
  8558 | D:7      | Reached skill level 9 in Conjurations
  8723 | D:7      | Noticed Menkaure
  8726 | D:7      | Killed Menkaure
  8849 | D:5      | Killed Harold
  8850 | D:5      | Reached XP level 10. HP: 55/84 MP: 1/19
  9028 | D:7      | Found a staircase to the Ecumenical Temple.
  9819 | D:7      | Reached skill level 1 in Shields
 10045 | Temple   | Entered the Ecumenical Temple
 10311 | D:7      | Found an opulent altar of Gozag.
 10389 | D:7      | Reached skill level 5 in Ice Magic
 10653 | D:8      | Found a runed translucent gate.
 10653 | D:8      | Found a runed translucent gate.
 10653 | D:8      | Found a runed translucent gate.
 10660 | D:8      | Found Giraty Zihi's Weapon Shoppe.
 10684 | D:8      | Noticed a red ugly thing
 10684 | D:8      | Noticed a green ugly thing
 10802 | D:8      | Learned a level 5 spell: Lightning Bolt
 10942 | D:8      | Noticed a seven-headed hydra
 10942 | D:8      | You fall into a shaft and drop 1 floor!
 10950 | D:9      | Reached ** piety under Dithmenos
 10951 | D:9      | Reached skill level 10 in Conjurations
 11645 | D:8      | Noticed a cyan ugly thing
 11807 | D:8      | Noticed a white ugly thing
 11824 | D:8      | Killed a seven-headed hydra
 12426 | D:9      | Found a staircase to the Orcish Mines.
 12662 | D:9      | Reached skill level 5 in Air Magic
 13097 | D:9      | Noticed a sixfirhy
 13328 | D:9      | Reached XP level 11. HP: 88/93 MP: 1/21
 14006 | D:9      | Found a glowing silver altar of Zin.
 14007 | D:9      | Found a glowing golden altar of the Shining One.
 14408 | D:10     | Entered Level 10 of the Dungeon
 15485 | D:10     | Reached skill level 11 in Conjurations
 15485 | D:10     | Reached *** piety under Dithmenos
 15714 | D:10     | Found a staircase to the Lair.
 15717 | D:10     | Noticed a deep elf pyromancer
 15721 | D:10     | Killed a deep elf pyromancer
 16429 | D:11     | Reached skill level 1 in Invocations
 16546 | D:11     | Noticed a boulder beetle
 16584 | D:11     | Mangled by a boulder beetle

Illustrated notes

Levels and vault maps discovered:
D:1:      dpeg_arrival_long_road, layout_rooms, serial_shops, shop,
          chequers_ecumenical_altar_lobes
D:2:      layout_basic, basic_altar, minmay_cut_off
D:3:      layout_basic, mainiacjoe_overflow_catwalk,
          mainiacjoe_overflow_surrounded_room, dk_yredelemnul_ordeal,
          grunt_ministairs_5, uniq_robin
D:4:      layout_rooms, nicolae_ru_great_annihilating_truth,
          biasface_ghost_orc_armoury, uniq_blork_the_orc, uniq_grinder
D:5:      layout_basic, nicolae_uskayaw_en_pointe,
          mainiacjoe_overflow_big_doors, gammafunk_ghost_smash,
          cheibrodos_sewer_entry_bend, uniq_crazy_yiuf_cottage
D:6:      layout_rooms, riverfiend_overflow_shadow_ancestor, trog_antimagical,
          gammafunk_ghost_necromancy, minmay_fractal_squares_gapless_5
D:7:      layout_rooms, grunt_gozag_breadcrumbs, minmay_temple_entry_waves,
          uniq_harold, uniq_menkaure
D:8:      layout_cave_pools, ploomutoo_gammafunk_ghost_potion_laboratory,
          serial_shops, nicolae_shop_crystal
D:9:      layout_irregular_city, chequers_temple_overflow_statue_of_worship,
          minmay_orc_entry_guard_dogs, serial_column_ruins, column_ruins_hut,
          column_ruins_hut, column_ruins_columns_corner, column_ruins_open_tiny,
          column_ruins_columns_dead_end, column_ruins_columns_straight,
          column_ruins_columns_straight, column_ruins_grid_1, hex_medium,
          hangedman_abyss_or_decor_stabs
D:10:     layout_loops_corners, dpeg_oklobed_lair
D:11:     minmay_the_grid_square_5x5_5x5_mashed
          [minmay_the_grid_square_5x5_minibox, minmay_the_grid_square_5x5_slash,
          minmay_the_grid_square_5x5_two, minmay_the_grid_square_5x5_inner_v,
          minmay_the_grid_square_5x5_fancy_junction,
          minmay_the_grid_square_5x5_dogpile,
          minmay_the_grid_square_5x5_prize_rear_guard,
          minmay_the_grid_square_5x5_corner,
          minmay_the_grid_square_5x5_prize_pseudospiral,
          minmay_the_grid_square_5x5_v,
          minmay_the_grid_square_5x5_sharp_hourglass,
          minmay_the_grid_square_5x5_three,
          minmay_the_grid_square_5x5_prize_junk,
          minmay_the_grid_square_5x5_forky,
          minmay_the_grid_square_5x5_doubleslash,
          minmay_the_grid_square_5x5_shrine2,
          minmay_the_grid_square_5x5_prize_gold,
          minmay_the_grid_square_5x5_n_small,
          minmay_the_grid_square_5x5_prize_itemx,
          minmay_the_grid_square_5x5_misaligned,
          minmay_the_grid_square_5x5_tetrominoes,
          minmay_the_grid_square_5x5_hourglass,
          minmay_the_grid_square_5x5_two_small,
          minmay_the_grid_square_5x5_inner_i, minmay_the_grid_square_5x5_z],
          layout_basic
Temple:   jpeg_temple_island

Skill      XL: |  1  2  3  4  5  6  7  8  9 10 11 |
---------------+----------------------------------+-----
Stealth        | 2 |  2.4
Fighting       | 1 2 3 4 5 6 7 8 |  8.2
Spellcasting   | 3 4 5 6 7 |  7.4
Conjurations   | 5 6 8 9 10 11 | 11.2
Hexes          | 1 2 |  2.8
Air Magic      | 2 3 5 |  5.9
Poison Magic   | 2 |  2.0
Ice Magic      | 2 4 6 7 |  7.0
Shields        | 3 4 |  4.1
Invocations    | 1 |  1.0
Dodging        | |  1.7

Action                   |  1- 3 |  4- 6 |  7- 9 | 10-12 || total
-------------------------+-------+-------+-------+-------++-------
Melee: Mace              |    11 |       |       |       ||    11
       Tailslap          |     4 |       |     2 |       ||     6
       Dagger            |    27 |       |       |       ||    27
       Staff             |       |       |     5 |     4 ||     9
 Cast: Magic Dart        |    79 |    25 |    92 |    66 ||   262
       Searing Ray       |     4 |    12 |    31 |    48 ||    95
       Fulminant Prism   |       |       |    23 |    27 ||    50
       Mephitic Cloud    |       |       |     1 |     5 ||     6
       Lightning Bolt    |       |       |       |    13 ||    13
       Freezing Cloud    |       |       |       |    11 ||    11
 Abil: Breathe Frost     |       |       |     3 |     1 ||     4
  Use: Scroll            |       |     4 |     6 |    10 ||    20
 Stab: Sleeping          |     1 |       |       |       ||     1
Armor: Skin              |    18 |     7 |    31 |    19 ||    75
Dodge: Dodged            |    49 |     6 |    42 |    58 ||   155
Block: Buckler           |       |       |       |     8 ||     8
